 Dungeon Crawl Stone Soup version 0.31-a0-232-gb1c03b2570 (webtiles) character file.

Game seed: 5434763585702693705

186 Decritt the Cudgeller (level 5, 0/54 HPs)
             Began as a Troll Monk on July 7, 2023.
             Slain by an iguana (10 damage)
             ... on level 4 of the Dungeon.
             The game lasted 00:06:12 (2169 turns).

Decritt the Cudgeller (Troll Monk)                  Turns: 2169, Time: 00:06:12

Health: 0/54       AC:  4    Str: 21    XL:     5   Next: 38%
Magic:  4/4        EV: 10    Int:  6    God:
Gold:   125        SH:  0    Dex: 12    Spells: 4/4 levels left

rFire   . . .        a - +0 mace
rCold   . . .        d - orb {light}
rNeg    . . .        b - +0 robe
rPois   +            (helmet restricted)
rElec   .            (no cloak)
rCorr   .            (gloves unavailable)
SInv    .            (boots unavailable)
Will    .....        (no amulet)
Stlth   +            f - ring of poison resistance
HPRegen 1.09/turn    (no ring)
MPRegen 0.09/turn

%: no passive effects
@: glowing
A: large, unfitting armour, claws 3, regeneration 1, shaggy fur 1, tough skin 1
a: no special abilities


You were on level 4 of the Dungeon.
You visited 1 branch of the dungeon, and saw 4 of its levels.

You collected 125 gold pieces.

Inventory:

Hand Weapons
 a - a +0 mace (weapon)
Armour
 b - a +0 robe (worn)
 d - an orb of light (worn)
Magical Staves
 t - the staff "Acyvo" {rPois Str+4 Stlth+ Poison}
   (You found it on level 4 of the Dungeon)

   [staff of poison]

   Base accuracy: +5 Base damage: 5 Base attack delay: 1.2 This weapon's minimum
   attack delay (0.6) is reached at skill level 12.
   Str:       It affects your strength (+4).
   rPois:     It protects you from poison.
   Poison:    It increases the power of your Poison spells.
   Stlth:     It makes you more stealthy.
   It falls into the 'Staves' category.
   It is a one-clawed weapon.
Jewellery
 f - a ring of poison resistance (left claw)
Wands
 q - a wand of flame (16)
Scrolls
 i - a scroll of blinking {unknown}
 j - a scroll of brand weapon {unknown}
 k - 2 scrolls of revelation {unknown}
 l - 2 scrolls of fog {unknown}
 m - 2 scrolls of noise {unknown}
 o - a scroll of teleportation {unknown}
 p - a scroll of vulnerability {unknown}
 u - a scroll of poison {unknown}
Potions
 c - a potion of ambrosia
 e - 3 potions of brilliance {unknown}
 g - a potion of degeneration {unknown}
 h - a potion of heal wounds {unknown}
 n - a potion of attraction {unknown}
 r - a potion of mutation {unknown}
 s - 2 potions of curing {unknown}
 v - a potion of haste {unknown}


   Skills:
 * Level 3.7 Fighting
 * Level 4.0 Maces & Flails
 + Level 3.1 Dodging


You had 4 spell levels left.
You didn't know any spells.
Your spell library was empty.

Dungeon Overview and Level Annotations

Branches:
Dungeon (4/15)
 Temple: D:4-7

Altars:
Kikubaaqudgha
Xom


Innate Abilities, Weirdness & Mutations

You are too large for most types of armour.
You have claws for hands.
Your natural rate of healing is unusually fast.
You are covered in fur. (AC +1)
You have tough skin. (AC +1)


Message History

You hit the iguana but do no damage.
The iguana is lightly wounded.
The iguana bites you but does no damage.
You hit the iguana.
The iguana is lightly wounded.
The iguana bites you!
* * * LOW HITPOINT WARNING * * *
You hit the iguana but do no damage.
The iguana is lightly wounded.
The iguana bites you.
* * * LOW HITPOINT WARNING * * *
You hit the iguana but do no damage.
The iguana is lightly wounded.
The iguana closely misses you.
You hit the iguana.
The iguana is lightly wounded.
The iguana barely misses you.
You hit the iguana but do no damage.
The iguana is lightly wounded.
The iguana misses you.
You hit the iguana.
The iguana is moderately wounded.
The iguana bites you!
* * * LOW HITPOINT WARNING * * *
a - a +0 mace (weapon)
The iguana bites you but does no damage.
You hit the iguana.
The iguana is moderately wounded.
The iguana barely misses you.
You sock the iguana!
The iguana is severely wounded.
The iguana bites you!
* * * LOW HITPOINT WARNING * * *
You hit the iguana but do no damage.
The iguana is severely wounded.
The iguana barely misses you.
You barely miss the iguana.
The iguana is severely wounded.
The iguana barely misses you. The iguana bites you!
You die...

.#
#..................#
.#
#######.............
.### #.......#####.
...# #.......# .
##'##### #.......#
.# .......#
#.......####...
.......#
#...........#
.......#
#...........#
.......#
#.###+#@....# #####
.......###...#
#l....# #_..#
..........##.#
#.....# #...##
..........##.#
#........ #....###
..........##.#
#.......#####..#.#
..........##.#
#...!..###.#...#..
..........##.#
#......# #.#...#.#
..........##.#
######## #.#...#.#
..........##.# ###
#.#......


You could see an iguana.

Vanquished Creatures
  A scorpion (D:3)
  4 adders
  A worm (D:3)
  6 dart slugs
  4 bats
  3 endoplasms
  4 giant cockroaches
  8 goblins
  9 hobgoblins
  6 jackals (D:3)
  6 quokkas
  6 ball pythons
  4 frilled lizards
  6 kobolds
  5 rats
73 creatures vanquished.

Notes
Turn   | Place    | Note
-------+----------+-------------------------------------------
     0 | D:1      | Decritt the Troll Monk began the quest for the Orb.
     0 | D:1      | Reached XP level 1. HP: 22/22 MP: 0/0
   151 | D:1      | Reached XP level 2. HP: 24/29 MP: 1/1
   155 | D:1      | Reached skill level 3 in Maces & Flails
   411 | D:1      | Reached XP level 3. HP: 33/36 MP: 2/2
   892 | D:2      | Found an ancient bone altar of Kikubaaqudgha.
  1042 | D:2      | Reached XP level 4. HP: 45/45 MP: 3/3
  1489 | D:3      | Noticed a scorpion
  1502 | D:3      | Killed a scorpion
  1503 | D:3      | Reached skill level 4 in Maces & Flails
  1503 | D:3      | Reached XP level 5. HP: 53/53 MP: 4/4
  1716 | D:3      | Found a faded altar of an unknown god.
  1825 | D:4      | Identified the staff "Acyvo" {rPois Str+4 Stlth+ Poison}
  1994 | D:4      | Found a shimmering altar of Xom.
  2169 | D:4      | Slain by an iguana

Illustrated notes

Levels and vault maps discovered:
D:1:      minmay_arrival_up_and_down, layout_basic, serial_glass,
          glass_columns_a, glass_columns_b, minmay_tromino_v4_c
D:2:      layout_basic, basic_altar, minmay_door_square
D:3:      layout_rooms, dilly_ecumenical_altar_fadedgnrine, st_stairs_5,
          feat_on_display
D:4:      layout_basic, nicolae_overflow_quartered_altars

Skill      XL: |  1  2  3  4 |
---------------+-------------+-----
Maces & Flails | 3 4 |  4.0
Fighting       | 3 |  3.7
Dodging        | 3 |  3.1

Action                     |  1- 3 |  4- 6 || total
---------------------------+-------+-------++-------
  Melee: Mace              |    99 |    90 ||   189
         Staff             |       |    16 ||    16
 Armour: Robe              |    33 |    31 ||    64
  Dodge: Dodged            |    49 |    59 ||   108

Table legend: (Time is in decaauts)
 A = Elapsed time spent in this place.
 B = Non-inter-level travel time spent in this place.
 C = Inter-level travel time spent in this place.
 D = Time resting spent in this place.
 E = Time spent auto-exploring this place.
 F = Levels seen in this place.
 G = Mean time per level.
                   A        B        C        D        E       F      G
               +--------+--------+--------+--------+--------+-----+--------+
         Total |   2212 |   2120 |     92 |      0 |   1599 |   4 |  553.0 |
       Dungeon |   2212 |   2120 |     92 |      0 |   1599 |   4 |  553.0 |
               +--------+--------+--------+--------+--------+-----+--------+

Top non-repeatable levels by time:
     D:2: 654 daAuts
     D:1: 639 daAuts
     D:3: 559 daAuts
     D:4: 358 daAuts
